 Dungeon Crawl Stone Soup version 0.17-a0-1378-g281efdd (webtiles) character file.

2 Gorice the Magician (level 1, -2/11 HPs)
             Began as an Octopode Wanderer on June 14, 2015.
             Slain by a giant newt (3 damage)
             ... on level 2 of the Dungeon.
             The game lasted 00:01:35 (69 turns).

Gorice the Magician (Octopode Wanderer)               Turns: 69, Time: 00:01:36

Health: -2/11      AC:  1    Str:  9    XL:     1   Next: 40%
Magic:  5/5        EV: 11    Int: 16    God:
Gold:   4          SH:  0    Dex: 11    Spells: 1 memorised, 7 levels left

rFire  . . .     SeeInvis .     e - -2 whip (curse)
rCold  . . .     Clarity  .     (no shield)
rNeg   . . .     SustAt   .     (helmet restricted)
rPois  .         Gourm    .     (no amulet)
rElec  .         Spirit   .     (no ring)
rCorr  .         Warding  .     (no ring)
rMut   .         Stasis   .     (no ring)
MR     .....                    (no ring)
Stlth  ++........               (no ring)
                                (no ring)
                                (no ring)
                                (no ring)

@: not resistant to hostile enchantments, unstealthy
A: almost no armour, amphibious, 8 rings, constrict 8, camouflage 1, gelatinous
body 1
a: no special abilities


You were on level 2 of the Dungeon.
You were not hungry.

You visited 1 branch of the dungeon, and saw 2 of its levels.

You collected 4 gold pieces.

Inventory:

Hand weapons
 c - a +0 dagger
 e - a cursed -2 whip (weapon)
Potions
 b - a potion of curing
Books
 a - a book of Minor Magic
Comestibles
 d - a bread ration {!e}
 f - a chunk of flesh


   Skills:
   Level 1.0 Shields
 + Level 4.0 Spellcasting
 * Level 0.6 Conjurations
   Level 1.0 Hexes
   Level 2.0 Ice Magic
   Level 1.0 Earth Magic
   Level 1.1 Evocations


You had 7 spell levels left.
You knew the following spells:

 Your Spells              Type           Power        Failure   Level  Hunger
a - Magic Dart            Conj           #...         14%         1    None


Dungeon Overview and Level Annotations

Branches:
Dungeon (2/15)

Altars:


Innate Abilities, Weirdness & Mutations

You cannot wear most types of armour.
You are amphibious.
You can wear up to eight rings at the same time.
You can use your tentacles to constrict eight enemies at once.
Your skin changes colour to match your surroundings (Stealth).
Your rubbery body absorbs attacks (AC +1).


Message History

You fall through a shaft!
The shaft crumbles and collapses.
You found a teleport trap!
A worm comes into view.
Really walk into that teleport trap?
You enter a teleport trap!
The teleport trap disappears.
Your surroundings suddenly seem different.
A giant newt comes into view.
Found a stone staircase leading down.
Found 9 stones.
There is a stone staircase leading down here.
The helpless giant newt fails to defend itself.
You hit the giant newt. You grab the giant newt. You squeeze the giant newt.
You kill the giant newt!
You see here a giant newt corpse.
You butcher the giant newt corpse.
f - a chunk of flesh You see here a giant newt skeleton.
A rat comes into view.
Found a ring mail.
A quokka comes into view.
Found 17 gold pieces.
Found three items.
The helpless rat fails to defend itself.
You hit the rat. You grab the rat.
The rat is moderately wounded.
You constrict the rat.
You kill the rat!
A giant newt comes into view.
The helpless quokka fails to defend itself.
You hit the quokka but do no damage. You grab the quokka.
Your squeeze misses the quokka.
You constrict the quokka, but do no damage.
The quokka closely misses you. The quokka bites you.
Damage: 2 (max 2)
You hit the quokka but do no damage. You constrict the quokka.
The quokka bites you.
Damage: 5 (max 5)
You barely miss the quokka.
The quokka is moderately wounded.
You constrict the quokka, but do no damage.
The quokka bites you.
* * * LOW HITPOINT WARNING * * *
Damage: 2 (max 5)
You barely miss the quokka.
The quokka is moderately wounded.
You constrict the quokka, but do no damage.
The quokka bites you.
* * * LOW HITPOINT WARNING * * *
The giant newt bites you.
You die...

#......>.......#.#.#
#...#...÷........#.###
######8..8#...........
##..##.#.##...(##
#.###..#.(.......
#..........♣..♣..
#####....†.......
#.#..♣....?.♣
#.#..@.[.....
......l.r......
##....$♣......♣
#.#...........
.........♣.!♣..
###.##.......... ...
#...#. .... ## ...
.#....


You could see a quokka and a giant newt.

Vanquished Creatures
  A kobold (D:1)
  A giant newt (D:2)
  A rat (D:2)
3 creatures vanquished.

Notes
Turn   | Place    | Note
--------------------------------------------------------------
     0 | D:1      | Gorice the Octopode Wanderer began the quest for the Orb.
     0 | D:1      | Gorice set off with: a book of Minor Magic, a potion of curing, a +0 dagger, a bread ration {!e}
     0 | D:1      | Reached XP level 1. HP: 11/11 MP: 5/5
     2 | D:1      | Learned a level 1 spell: Magic Dart
    38 | D:1      | You fall through a shaft!
    68 | D:2      | HP: 2/11 [quokka (2)]
    69 | D:2      | Slain by a giant newt

Vault maps used:
D:1:      matt_arrival_spirals
D:2:      ecumenical_altar_1, mrwooster_statue_mirror, minmay_misc_feat_plants,
          st_stairs_6, hex_large, grunt_ministairs_5, uniq_robin

Action                   || total
-------------------------++-------
Melee: Whip              ||     6
       Dagger            ||     3
 Stab: Sleeping          ||     4

Table legend:
 A = Turns spent in this place as a percentage of turns spent in the entire game.
 B = Non-inter-level travel turns spent in this place as a percentage of non-inter-level travel turns spent in the entire game.
 C = Inter-level travel turns spent in this place as a percentage of turns spent in this place.
 D = Turns resting spent in this place as a percentage of non-inter-level travel turns spent in this place.
 E = Turns spent auto-exploring this place as a percentage of non-inter-level travel turns spent in this place.
 F = Non-inter-level travel turns spent in this place divided by the number of levels of this place that you've seen.
                   A       B       C       D       E      F
               +-------+-------+-------+-------+-------+----------------------
         Total | 100.0 | 100.0 |   0.0 |   0.0 |   8.9 |  22.5
       Dungeon | 100.0 | 100.0 |   0.0 |   0.0 |   8.9 |  22.5
               +-------+-------+-------+-------+-------+----------------------

Vault maps used:
D:1:      matt_arrival_spirals
D:2:      ecumenical_altar_1, mrwooster_statue_mirror, minmay_misc_feat_plants,
          st_stairs_6, hex_large, grunt_ministairs_5, uniq_robin
